 Dungeon Crawl Stone Soup version 0.31-a0-1091-g283494c966 (webtiles) character file.

Game seed: 7864784860453150806

25 Flugslaktarn the Covered (level 2, 27/27 HPs)
             Began as a Minotaur Fighter on Nov 28, 2023.
             Was an Initiate of Ashenzari.
             Quit the game on level 1 of the Dungeon.
             The game lasted 00:00:31 (402 turns).

Flugslaktarn the Covered (Minotaur Fighter)          Turns: 402, Time: 00:00:31

Health: 27/27      AC:  8    Str: 20    XL:     2   Next: 82%
Magic:  1/1        EV:  9    Int:  5    God:    Ashenzari [......]
Gold:   29         SH:  4    Dex:  9    Spells: 1/1 levels left

rFire   . . .        a - +0 war axe
rCold   . . .        c - +0 buckler
rNeg    . . .        b - +0 scale mail
rPois   .            (helmet restricted)
rElec   .            (no cloak)
rCorr   .            (no gloves)
SInv    .            i - +0 pair of boots
Will    .....        (no amulet) Stlth
                     (no ring)
HPRegen 0.24/turn    (no ring)
MPRegen 0.07/turn

%: no passive effects
@: no status effects
A: horns 2, retaliatory headbutt
a: Renounce Religion, Curse Item


You were on level 1 of the Dungeon.
You worshipped Ashenzari.
Ashenzari was noncommittal.
You visited 1 branch of the dungeon, and saw 1 of its levels.

You collected 29 gold pieces.

Inventory:

Hand Weapons
 a - a +0 war axe (weapon)
Armour
 b - a +0 scale mail (worn)
 c - a +0 buckler (worn)
 i - a +0 pair of boots (worn)
   (You found it on level 1 of the Dungeon)
Jewellery
 j - a ring of flight
   (You took it off a kobold on level 1 of the Dungeon)
Scrolls
 e - a scroll of identify {unknown}
 f - a scroll of silence {unknown}
 h - a scroll of fog {unknown}
 k - a scroll of teleportation {unknown}
Potions
 d - a potion of might
 g - a potion of degeneration {unknown}


   Skills:
 + Level 3.9 Fighting
 * Level 3.2 Axes
 + Level 3.9 Armour
 + Level 3.9 Shields


You had one spell level left.
You didn't know any spells.
Your spell library was empty.

Dungeon Overview and Level Annotations

Branches:
Dungeon (1/15)

Altars:
Ashenzari


Innate Abilities, Weirdness & Mutations

You have a pair of horns on your head.
You reflexively headbutt those who attack you in melee.


Message History

The stone hits you but does no damage. The bat barely misses you.
The bat hits you.
You slash the bat!
You kill the bat!
You closely miss the bat. The bat hits you but does no damage.
The bat hits you.
You barely miss the bat. You headbutt the bat.
The bat is moderately wounded.
The bat hits you but does no damage. You block the kobold's attack.
You completely miss the bat. You hit the kobold. The bat hits you.
The kobold hits you but does no damage.
You barely miss the kobold.
The kobold is severely wounded.
You hit the hobgoblin. You block the bat's attack.
The kobold closely misses you. The hobgoblin closely misses you.
The bat closely misses you.
You hit the hobgoblin.
You kill the hobgoblin!
You hit the kobold.
You kill the kobold!
You miss the bat. The bat hits you. You block the bat's attack.
A bat is nearby!
Unknown command.
A bat is nearby!
A bat is nearby!
The bat barely misses you. You furiously retaliate!
You headbutt the bat!
You kill the bat!
No target in view!
No target in view!
No target in view!
No target in view!
You see here a bat corpse.
j - a ring of flight
Things that are here:
a +0 club; a stone No target in view!
You now have 29 gold pieces (gained 14).
Found 5 poisoned darts.
No target in view!
No target in view!
No target in view!
No target in view!
You see here 5 poisoned darts.
Found 5 stones.
No target in view!
k - a scroll labelled WUSKIS SYT ZAAXT No target in view!
No target in view!
No target in view!
A dart slug comes into view.
A dart slug is nearby!
A dart slug is nearby!
The dart slug launches a dart at you. The slug dart misses you.
You hit the dart slug but do no damage. You headbutt the dart slug.
The dart slug is moderately wounded.
You block the dart slug's attack.
You hit the dart slug.
The dart slug is moderately wounded.
The dart slug bites you but does no damage.
You slash the dart slug!
You kill the dart slug!
You see here a dart slug corpse.
You open the door.
An endoplasm comes into view.
The endoplasm quivers.
The endoplasm moves out of view.
Found a faded altar of an unknown god.
No target in view!
There is an open door here.
An endoplasm is nearby!
You hit the endoplasm.
You kill the endoplasm!
No target in view!
No target in view!
No target in view!
No target in view!
No target in view!
There is a faded altar of an unknown god here.
This altar belongs to (a) Makhleb, (b) Ashenzari or (c) Vehumet, but you can't tell which.
Press the corresponding letter to learn more about a god, or press enter to convert or escape to cancel.
Ashenzari accepts your prayer! Ashenzari welcomes you!
Ashenzari warns you of distant threats and treasures.
Ashenzari shows you where magical portals lie.
You open the door.
There is an open door here.
You open the door.
There is an open door here.
Ashenzari invites you to partake of a vision and a curse of melee combat and alchemy.
There is a broken altar of Ashenzari here.
You open the door.
There is an open door here.
A hobgoblin comes into view.
Found a stone staircase leading down.
The hobgoblin shouts!
A hobgoblin is nearby!
A hobgoblin is nearby!
Okay, then.
Okay, then.
Are you sure you want to abandon this character and quit the game? (Confirm with "yes".)

.........#...8...#...#
.........#..###..#.###
.........'###.###'.#
..............# ####
........#####.#
######### #.# #.# #.#
#@# ......g.#
>########


You could see a hobgoblin.

Vanquished Creatures
  A dart slug (D:1)
  3 bats (D:1)
  2 endoplasms (D:1)
  4 hobgoblins (D:1)
  5 kobolds (D:1)
  4 ball pythons (D:1)
  A frilled lizard (D:1)
20 creatures vanquished.

Notes
Turn   | Place    | Note
-------+----------+-------------------------------------------
     0 | D:1      | Flugslaktarn the Minotaur Fighter began the quest for the
                  | Orb.
     0 | D:1      | Reached XP level 1. HP: 19/19 MP: 0/0
   101 | D:1      | Reached XP level 2. HP: 27/27 MP: 1/1
   358 | D:1      | Found a faded altar of an unknown god.
   365 | D:1      | Prayed at the altar of an unknown god.
   365 | D:1      | Became a worshipper of Ashenzari the Shackled
   402 | D:1      | Quit the game

Illustrated notes

Levels and vault maps discovered:
D:1:      kennysheep_arrival_seaside, layout_loops_cross,
          hellmonk_ecumenical_altar_slurped_away

Skill      XL: |  1  2 |
---------------+-------+-----
Axes           | 3 |  3.2
Fighting       | |  3.9
Armour         | |  3.9
Shields        | |  3.9

Action                     || total
---------------------------++-------
  Melee: War axe           ||    32
         Headbutt          ||     4
 Armour: Scale mail        ||    21
  Dodge: Dodged            ||    22
  Block: Buckler           ||     9

Table legend: (Time is in decaauts)
 A = Elapsed time spent in this place.
 B = Non-inter-level travel time spent in this place.
 C = Inter-level travel time spent in this place.
 D = Time resting spent in this place.
 E = Time spent auto-exploring this place.
 F = Levels seen in this place.
 G = Mean time per level.
                   A        B        C        D        E       F      G
               +--------+--------+--------+--------+--------+-----+--------+
         Total |    414 |    414 |      0 |      0 |    294 |   1 |  414.0 |
       Dungeon |    414 |    414 |      0 |      0 |    294 |   1 |  414.0 |
               +--------+--------+--------+--------+--------+-----+--------+

Top non-repeatable levels by time:
     D:1: 414 daAuts
